 Dungeon Crawl Stone Soup version 0.23.1 (webtiles) character file.

Game seed: 3491206792313876954

26 Borgoz the Sneak (level 3, 0/25 (26) HPs)
             Began as a Ghoul Enchanter on Mar 13, 2019.
             Slain by an ooze (3 damage)
             ... on level 1 of the Dungeon.
             The game lasted 00:01:52 (912 turns).

Borgoz the Sneak (Ghoul Enchanter)                   Turns: 912, Time: 00:01:53

HP:   0/25 (26)     AC:  2    Str: 11    XL:     3   Next: 8%
MP:   4/4           EV: 12    Int: 10    God:
Gold: 28            SH:  0    Dex: 10    Spells: 4/5 levels left

rFire    . . .     SeeInvis .   a - +1 dagger
rCold    + . .     Gourm    .   (no shield)
rNeg     + + +     Faith    .   b - +0 robe
rPois    ∞         Spirit   .   (no helmet)
rElec    .         Reflect  .   (no cloak)
rCorr    .         Harm     .   (no gloves)
MR       .....                  (no boots)
Stlth    ++........             e - amulet of inaccuracy (curse)
HPRegen  0.00/turn              (no ring)
MPRegen  0.09/turn              (no ring)

@: rotting
A: rotting body, claws 1, carnivore, cold resistance 1, negative energy
resistance 3, inhibited regeneration, torment resistance, unbreathing
a: no special abilities


You were on level 1 of the Dungeon.
You were not hungry.

You visited 1 branch of the dungeon, and saw 1 of its levels.

You collected 28 gold pieces.

Inventory:

Hand Weapons
 a - a +1 dagger (weapon)
Armour
 b - a +0 robe (worn)
Jewellery
 e - a cursed amulet of inaccuracy (around neck)
Comestibles
 d - a ration


   Skills:
 * Level 1.7 Short Blades
 * Level 1.3 Armour
 + Level 2.1 Dodging
 - Level 3.2 Stealth
 - Level 1.7 Spellcasting
 - Level 2.4 Hexes


You had 4 spell levels left.
You knew the following spells:

 Your Spells              Type           Power        Failure   Level  Hunger
a - Corona                Hex            #......      12%         1    ##.....

Your spell library contained the following spells:

 Spells                   Type           Power        Failure   Level  Hunger
 Ensorcelled Hibernation  Hex/Ice        #.....       30%         2    ###....
 Confuse                  Hex            #.......     34%         3    ####...
 Tukima's Dance           Hex            #.......     34%         3    ####...
 Dazzling Spray           Conj/Hex       #.....       52%         3    ####...


Dungeon Overview and Level Annotations

Branches:
Dungeon (1/15)

Altars:


Innate Abilities, Weirdness & Mutations

Your body is rotting away.
You thrive on raw meat.
You are immune to poison.
You have sharp fingernails.
You are carnivorous and can eat meat at any time.
Your flesh is cold resistant. (rC+)
You are immune to negative energy. (rN+++)
You do not regenerate when monsters are visible.
You are immune to unholy pain and torment.
You can survive without breathing.


Message History

You aren't carrying any scrolls.
You closely miss the ball python.
The ball python is heavily wounded.
The ball python misses you. The ball python constricts you.
You hit the ball python.
You kill the ball python!
You hit the ooze.
The ooze is lightly wounded.
You feel your flesh rotting away. The ooze completely misses you.
You completely miss the ooze.
The ooze is lightly wounded.
The ooze closely misses you.
You closely miss the ooze.
The ooze is lightly wounded.
The ooze closely misses you.
You completely miss the ooze.
The ooze is lightly wounded.
The ooze hits you.
You die...

#..#.# ##
##.#.# .#
#...# .#
##..# ## ##
.#####..#
#.# #.#
.#.....>#
#.. #b.
.#.######
#.. #g#.#.#
.#.#
#..#Jr!....
.#÷# #..@#
.#.# ###.##
. .#.#
#..## #..
##.#
##÷.##...#
#.# #÷....#
#.#
##..####
#.#
#.###..##
#.#
#.......#
#.#
#######.#


You could see an ooze, a goblin, a bat and a rat.

Vanquished Creatures
  2 oozes (D:1)
  A dart slug (D:1)
  A leopard gecko (D:1)
  A ball python (D:1)
  2 bats (D:1)
  2 giant cockroaches (D:1)
  4 frilled lizards (D:1)
  2 kobolds (D:1)
15 creatures vanquished.

Notes
Turn   | Place    | Note
-------+----------+-------------------------------------------
     0 | D:1      | Borgoz the Ghoul Enchanter began the quest for the Orb.
     0 | D:1      | Reached XP level 1. HP: 14/14 MP: 2/2
     2 | D:1      | Noticed a gargoyle
     2 | D:1      | Noticed a tengu
     6 | D:1      | Noticed a spriggan
     6 | D:1      | Noticed a vine stalker
     8 | D:1      | Noticed a demigod
     8 | D:1      | Noticed a minotaur
    10 | D:1      | Noticed a dwarf
    12 | D:1      | Noticed an elf
    12 | D:1      | Noticed a centaur
    14 | D:1      | Noticed a draconian
    14 | D:1      | Noticed a demonspawn
    16 | D:1      | Noticed a troll
    16 | D:1      | Noticed a formicid
    18 | D:1      | Noticed a human
    18 | D:1      | Noticed an ogre
    20 | D:1      | Noticed a halfling
    20 | D:1      | Noticed a vampire
    22 | D:1      | Noticed a ghoul
    22 | D:1      | Noticed an octopode
    24 | D:1      | Noticed a naga
    24 | D:1      | Noticed a felid
    26 | D:1      | Noticed a merfolk
   249 | D:1      | Reached skill level 1 in Short Blades
   466 | D:1      | Reached XP level 2. HP: 19/19 MP: 3/3
   536 | D:1      | Reached skill level 1 in Armour
   879 | D:1      | Reached XP level 3. HP: 17/26 MP: 4/4
   912 | D:1      | Slain by an ooze

Skill      XL: |  1  2 |
---------------+-------+-----
Short Blades   | 1 |  1.7
Dodging        | 2 |  2.1
Armour         | 1 |  1.3
Stealth        | |  3.2
Spellcasting   | |  1.7
Hexes          | |  2.4

Action                   || total
-------------------------++-------
Melee: Dagger            ||   117
  Use: Scroll            ||     1
 Stab: Sleeping          ||     2
  Eat: Chunk             ||     4
Armor: Robe              ||    35
Dodge: Dodged            ||   102
